 Dungeon Crawl Stone Soup version 0.15-b1-55-g17c0860 (webtiles) character file.

6923 Nordron the Nimble (level 10, -31/97 (100) HPs)
             Began as a Troll Assassin on Aug 10, 2014.
             Was an Initiate of Okawaru.
             Annihilated by a two-headed ogre
             ... wielding a +0 giant club
             ... summoned by the rage of Trog
              (37 damage)
             ... on Level 10 of the Dungeon on Aug 11, 2014.
             The game lasted 02:13:46 (10407 turns).

Nordron the Nimble (Troll Assassin)                Turns: 10407, Time: 02:13:46

HP -31/97 (100)  AC 12     Str 24      XL: 10   Next: 80%
MP   4/4         EV 12     Int  7      God: Okawaru [......]
Gold 600         SH  9     Dex 11      Spells:  0 memorised,  9 levels left

rFire  . . .     SeeInvis .       - Unarmed
rCold  . . .     Clarity  .     M - +0 steam dragon armour
rNeg   + . .     rCorr    .     G - +0 shield
rPois  .         rRot     .     (helmet restricted)
rElec  .         Spirit   .     E - +0 cloak
SustAb .         Warding  .     (gloves unavailable)
rMut   .         Stasis   .     (boots unavailable)
Gourm  +                        j - amulet of rage
MR     .....                    s - +3 ring of protection
                                y - ring of positive energy

@: not resistant to hostile enchantments, unstealthy
A: unfitting armour, claws 3, fast metabolism 3, gourmand, regeneration 2,
saprovore 2, shaggy fur 1, tough skin 2
a: Renounce Religion, Evoke Berserk Rage


You were on level 10 of the Dungeon.
You worshipped Okawaru.
Okawaru was noncommittal.
You were not hungry.

You visited 2 branches of the dungeon, and saw 11 of its levels.

You collected 715 gold pieces.
You spent 115 gold pieces at shops.

Inventory:

Hand weapons
 b - a +0 blowgun
 h - the +0 quarterstaff of Xom's Brutal Revenge {antimagic, rF+}
   (You found it on level 4 of the Dungeon)

   It disrupts the flow of magical energy around spellcasters and certain
   magical creatures (including the wielder).
   It protects you from fire.
 T - a +0 hunting sling
 V - a +3 hand axe of flaming
Missiles
 e - 92 poisoned needles
 z - 3 needles of slowing
 Y - 20 sling bullets
Armour
 E - a +0 cloak (worn)
 G - a +0 shield (worn)
 M - a +0 steam dragon armour (worn)
Magical devices
 c - a wand of polymorph (10)
 p - a wand of magic darts (5)
 w - a wand of fire (5)
 J - a wand of magic darts (14)
 N - a wand of slowing (16)
 O - a wand of confusion (6)
 P - a wand of fire (4)
 S - a wand of slowing (12)
Comestibles
 d - a royal jelly
 g - 5 meat rations
 i - 7 fruits
 m - 7 bread rations
 q - a slice of pizza
 u - 6 beef jerkies
Scrolls
 f - a scroll of remove curse
 l - a scroll of blinking {unknown}
 v - a scroll of enchant weapon
 L - a scroll of random uselessness {unknown}
 Q - a scroll of enchant armour
 R - a scroll of holy word {unknown}
Jewellery
 j - an amulet of rage (around neck)
 s - a +3 ring of protection (right claw)
 y - a ring of positive energy (left claw)
 B - an uncursed amulet of faith
 C - an uncursed amulet of stasis
 X - an uncursed ring of positive energy
Potions
 a - a potion of berserk rage {unknown}
 n - a potion of poison {unknown}
 o - 2 potions of might
 x - a potion of invisibility {unknown}
 A - a potion of curing
 F - a potion of resistance {unknown}
 I - a potion of haste {unknown}
 K - a potion of agility


   Skills:
 + Level 6.3 Fighting
   Level 1.7 Maces & Flails
 + Level 2.6 Throwing
 + Level 2.7 Armour
 + Level 8.2 Dodging
 + Level 3.5 Stealth
 * Level 4.9 Shields
 + Level 7.5 Unarmed Combat


You had 9 spell levels left.
You didn't know any spells.

Dungeon Overview and Level Annotations

Branches:
Dungeon (10/15)            Temple (1/1) D:6            Lair (0/8) D:10
    Orc: D:9-12

Altars:
Ashenzari
Cheibriados
Dithmenos
Elyvilon
Fedhas
Kikubaaqudgha
Makhleb
Nemelex Xobeh
Okawaru
Qazlal
Sif Muna
Trog
Vehumet
Xom
Yredelemnul
Zin
The Shining One

Shops:
D:5 *   D:8 }}


Innate Abilities, Weirdness & Mutations

You are too large for most types of armour.
You have claws for hands.
Your metabolism is lightning-fast.
You like to eat raw meat.
You heal very quickly.
You can eat rotten meat.
You are covered in fur (AC +1).
You have very tough skin (AC +2).


Message History

The black bear claws you. x2
Use which ability? (? or * to list) You're too hungry to go berserk.
Eat which item? (? for menu, Esc to quit)
You block the two-headed ogre's attack. The two-headed ogre barely misses you.
The black bear bites you! You block the black bear's attack.
The black bear barely misses you. The black bear bites you!
The black bear claws you. You block the black bear's attack.
The ogre hits you with a giant spiked club!!!
* * * LOW HITPOINT WARNING * * *
You block the black bear's attack. The black bear closely misses you.
The black bear completely misses you.
The black bear bites you but does no damage.
The black bear claws you but does no damage.
The black bear closely misses you.
You continue eating.
The two-headed ogre hits you with a giant club!!
* * * LOW HITPOINT WARNING * * *
The two-headed ogre hits you with a giant club!!!
You die...

....# . .... ....# .. ... ...+..
... ..#. .. #..#### .######
#.#.#.###.......
###....##.§........ .
##........§O#+###############
#.###.#....#...#@O§....#.......#.
#....#..>.....#h§h§....#.......'.
#.#.###......########..#########.
# ### ##...#.## #...# ..........
#...###.###...# .......... #..##
##.###'############.. ......
#................... .....#..
+................... .##.#####
####################


You could see a two-headed ogre (berserk), 2 black bears and an ogre (berserk).

Vanquished Creatures
  A hydra (D:8)
  An unseen horror (D:8)
  Joseph (D:9)
  The ghost of Armakuni the Insei, an experienced DrTm (D:5)
  Grinder (D:3)
  2 two-headed ogres (D:8)
  A spriggan (D:8)
  3 yaks (D:10)
  A steam dragon (D:7)
  Menkaure (D:5)
  A water moccasin (D:9)
  3 orc warriors
  4 ogres
  A sky beast (D:9)
  An ice beast (D:7)
  A black bear (D:9)
  2 phantoms
  Sigmund (D:2)
  5 centaurs
  A big kobold (D:8)
  2 giant frogs
  4 scorpions
  3 killer bees (D:9)
  5 wights (D:9)
  A goliath beetle (D:6)
  4 crimson imps
  An orc priest (D:6)
  5 hounds
  8 orc wizards
  4 jellies
  Crazy Yiuf (D:2)
  5 worker ants
  A big kobold zombie (D:8)
  Ijyb (D:2)
  A mummy (D:8)
  6 gnolls
  11 adders
  A worm (D:3)
  A goliath beetle zombie (D:6)
  An adder zombie (D:9)
  5 giant geckos
  2 oozes
  30 orcs
  18 bats
  2 giant cockroaches
  7 goblins
  15 hobgoblins
  17 jackals
  14 kobolds
  4 quokkas
  2 ball pythons
  5 giant newts
  A goblin zombie (D:5)
  A hobgoblin skeleton (D:7)
  A jackal skeleton (D:8)
  2 orc skeletons
  An orc zombie (D:7)
  20 rats
  A rat skeleton (D:7)
247 creatures vanquished.

Notes
Turn   | Place    | Note
--------------------------------------------------------------
     0 | D:1      | Nordron, the Troll Assassin, began the quest for the Orb.
     0 | D:1      | Reached XP level 1. HP: 19/19 MP: 1/1
   284 | D:1      | Reached XP level 2. HP: 25/27 MP: 1/1
   753 | D:2      | Noticed Ijyb
   763 | D:2      | Reached skill level 1 in Dodging
   776 | D:2      | Reached XP level 3. HP: 32/35 MP: 2/2
   792 | D:2      | Killed Ijyb
   831 | D:2      | Reached skill level 1 in Unarmed Combat
   864 | D:2      | Noticed Sigmund
   888 | D:2      | Killed Sigmund
   888 | D:2      | Reached XP level 4. HP: 42/42 MP: 2/2
   960 | D:2      | Reached XP level 5. HP: 39/49 MP: 2/2
  1416 | D:2      | Noticed Crazy Yiuf
  1423 | D:2      | Killed Crazy Yiuf
  1615 | D:3      | Found a radiant altar of Vehumet.
  1615 | D:3      | Found a burning altar of Makhleb.
  1666 | D:3      | Reached skill level 3 in Dodging
  1816 | D:3      | Noticed Grinder
  1828 | D:3      | Paralysed by Grinder for 7 turns
  1848 | D:3      | Paralysed by Grinder for 4 turns
  1855 | D:3      | Paralysed by Grinder for 4 turns
  1871 | D:3      | Killed Grinder
  1871 | D:3      | Reached XP level 6. HP: 17/61 MP: 3/3
  2036 | D:3      | Reached XP level 7. HP: 67/67 MP: 3/3
  2128 | D:3      | Found a stormy altar of Qazlal.
  2733 | D:4      | Got a steaming quarterstaff
  2740 | D:4      | Identified the cursed +0 quarterstaff of Xom's Brutal Revenge {antimagic, rF+} (You found it on level 4 of the Dungeon)
  2804 | D:4      | Reached skill level 4 in Dodging
  2973 | D:4      | Found a shadowy altar of Dithmenos.
  2974 | D:4      | Found a blossoming altar of Fedhas.
  2977 | D:4      | Found a basalt altar of Yredelemnul.
  3368 | D:4      | Found a snail-covered altar of Cheibriados.
  3371 | D:4      | Found a bloodstained altar of Trog.
  3843 | D:5      | Entered Level 5 of the Dungeon
  3896 | D:5      | Noticed Menkaure
  3907 | D:5      | Killed Menkaure
  4401 | D:5      | Found Throenoa's General Store.
  4410 | D:5      | Reached XP level 8. HP: 56/78 MP: 3/3
  4425 | D:5      | Bought a scroll of enchant armour for 82 gold pieces
  4425 | D:5      | Bought a scroll of remove curse for 33 gold pieces
  4626 | D:5      | Noticed Armakuni's ghost (experienced DrTm)
  4639 | D:5      | Killed Armakuni's ghost
  4639 | D:5      | Reached skill level 1 in Shields
  4906 | D:5      | Reached skill level 5 in Dodging
  4906 | D:5      | Reached skill level 5 in Unarmed Combat
  5280 | D:6      | Found a shimmering altar of Xom.
  5353 | D:6      | Found a staircase to the Ecumenical Temple.
  5362 | Temple   | Entered the Ecumenical Temple
  5704 | D:4      | Became a worshipper of Trog the Wrathful
  6022 | D:6      | Reached XP level 9. HP: 82/87 MP: 4/4
  6775 | D:7      | Reached skill level 5 in Fighting
  6798 | D:7      | Reached skill level 6 in Unarmed Combat
  6919 | D:7      | Acquired Trog's first power
  7509 | D:8      | Found Thossifa's Gadget Boutique.
  7538 | D:8      | Noticed a seven-headed hydra
  7545 | D:8      | HP: 2/88 [six-headed hydra (9)]
  7691 | D:8      | Reached skill level 1 in Armour
  7934 | D:8      | Killed a four-headed hydra
  7934 | D:8      | Reached skill level 7 in Dodging
  7934 | D:8      | Reached XP level 10. HP: 69/98 MP: 4/4
  8013 | D:8      | Found a shimmering altar of Xom.
  8074 | D:8      | Acquired Trog's second power
  8640 | D:8      | Found Skaloph's Gadget Boutique.
  8683 | D:8      | Killed an unseen horror
  9224 | D:9      | Noticed Joseph
  9256 | D:9      | Killed Joseph
  9676 | D:9      | Found a shimmering altar of Xom.
  9685 | D:9      | Found an iron altar of Okawaru.
  9701 | D:9      | Fell from the grace of Trog
  9767 | D:9      | Became a worshipper of Warmaster Okawaru
  9889 | D:9      | Reached skill level 8 in Dodging
 10116 | D:10     | Entered Level 10 of the Dungeon
 10205 | D:10     | Found an ancient bone altar of Kikubaaqudgha.
 10365 | D:10     | Found a staircase to the Lair.
 10407 | D:10     | Annihilated by a two-headed ogre

Action                   |  1- 3 |  4- 6 |  7- 9 | 10-12 || total
-------------------------+-------+-------+-------+-------++-------
Melee: Unarmed           |   114 |   135 |   387 |   224 ||   860
       Hand axe          |       |       |    15 |       ||    15
       Trident           |       |       |       |    11 ||    11
 Fire: Blowgun           |       |    14 |       |       ||    14
Invok: Burn Spellbooks   |       |       |     1 |       ||     1
       Berserk           |       |       |       |     1 ||     1
       Renounce Religion |       |       |       |     1 ||     1
 Abil: Evoke Berserk Rag |     1 |     1 |    12 |     2 ||    16
Evoke: Wand              |       |     1 |    19 |     9 ||    29
  Use: Scroll            |     1 |     1 |    14 |     3 ||    19
       Potion            |       |     1 |     4 |       ||     5
 Stab: Sleeping          |       |     2 |     2 |       ||     4
  Eat: Chunk             |    11 |    13 |    62 |    12 ||    98
       Meat ration       |       |       |       |     2 ||     2
       Fruit             |       |       |       |     2 ||     2
